 Dungeon Sprint DCSS version 0.16-a0-3820-g492871e (console) character file.

774 mauris the Prestidigitator (level 7, -5/72 HPs)
             Began as a Deep Dwarf Fighter on Jan 28, 2015.
             Was a Follower of Makhleb.
             Slain by a demonic crawler (6 damage)
             ... in the Dungeon (Sprint I: "Red Sonja").
             The game lasted 00:03:06 (257 turns).

mauris the Prestidigitator (Deep Dwarf Fighter)      Turns: 257, Time: 00:03:06

Health: -5/72      AC: -26   Str: 20    XL:     7   Next: 53%
Magic:  12/12      EV: 12    Int:  8    God:    Makhleb [*.....]
Gold:   405        SH:  9    Dex: 14    Spells: 0 memorised, 6 levels left

rFire  . . .     SeeInvis .     a - +0 war axe
rCold  . . .     Clarity  .     b - +0 scale mail
rNeg   . . .     SustAb   .     c - +0 shield
rPois  .         Gourm    .     (no helmet)
rElec  .         Spirit   .     (no cloak)
rCorr  .         Warding  .     (no gloves)
rMut   .         NoTele   +     (no boots)
MR     +....                    (no amulet)
Stlth  ..........               (no ring)
                                (no ring)

@: weakened, corroded equipment, non-regenerating, somewhat resistant to hostile
enchantments, extremely unstealthy
A: damage resistance, recharge devices, sense surroundings 1, slow healing 3
a: Device Recharging, Renounce Religion


You were in the Dungeon.
You worshipped Makhleb.
Makhleb was aware of your devotion.
You were not hungry.

You visited 1 branch You collected 405 gold pieces.

Inventory:

Hand weapons
 a - a +0 war axe (weapon)
Armour
 b - a +0 scale mail (worn)
 c - a +0 shield (worn)
Magical devices
 d - a wand of heal wounds (6) {@v2}
Scrolls
 l - a scroll of blinking
Potions
 e - a potion of might
 h - a potion of heal wounds {@q2}
 i - 2 potions of haste {@q3}
 j - 2 potions of magic
 k - a potion of berserk rage {!q}
Comestibles
 f - a bread ration


   Skills:
 + Level 7.4 Fighting
 + Level 8.5 Axes
 + Level 8.9 Armour
 + Level 7.9 Dodging
 - Level 3.2 Shields
 + Level 10.4 Evocations


You had 6 spell levels left.
You didn't know any spells.

Dungeon Overview and Level Annotations

Branches:
Dungeon (1/1)

Altars:
Cheibriados
Dithmenos
Elyvilon
Fedhas
Gozag
Kikubaaqudgha
Makhleb
Nemelex Xobeh
Okawaru
Qazlal
Ru
Sif Muna
Trog
Vehumet
Xom
Yredelemnul
Zin
The Shining One
Jiyva

Shops:
D *


Innate Abilities, Weirdness & Mutations

You are resistant to damage.
You can recharge devices by infusing magical energy.
You passively map a small area around you.
You do not heal naturally.


Message History

Zapping:
d - a wand of heal wounds (1) {@v2}
Press: ? - help, Shift-Dir - straight line, f - you You feel much better.
This wand has 0 charges left.
The demonic crawler misses you. The demonic crawler closely misses you.
The demonic crawler misses you. x2
The demonic crawler closely misses you. The demonic crawler hits you.
The rust devil hits you!
* * * LOW HITPOINT WARNING * * *
The rust devil corrodes your equipment! You block the rust devil's attack.
You block the kobold demonologist's attack.
The red devil hits you from afar with a demon trident!
* * * LOW HITPOINT WARNING * * *
Huge Dmg: -3%(-2hp) hp: 2%(1hp) Unknown command.
Use which ability? (? or * to list) Charge which item? (? for menu, Esc to quit)
Your wand of heal wounds (0) {@v2} glows for a moment and now has 6 charges.
The rust devil disappears in a puff of smoke!
The demonic crawler hits you!
You die...

######################
*
..').#..'..#__#0qsss.#
).#..').#..'..44K#s..#
* ####'#####'#__####
..'.. # #..#...#.####,
##.. + __####..##|#~ #
_..__##'#..+ ~ ,
_.\...'..)_# ~ , * , ,
_..._##_.#'#* ** , ,
_____###+#.# ,


You could see 4 demonic crawlers, a rust devil, a kobold demonologist and a red
devil.

Vanquished Creatures
  A kobold demonologist (D)
  A slime creature (D)
  A yak (D)
  An ogre (D)
  Sigmund (D)
  A jelly (D)
  An iron imp (D)
  Ijyb (D)
  A giant eyeball (D)
9 creatures vanquished.

Notes
Turn   | Place    | Note
--------------------------------------------------------------
     0 | D        | mauris, the Deep Dwarf Fighter, began the quest for the Orb.
     0 | D        | Reached XP level 1. HP: 20/20 MP: 1/1
     2 | D        | Noticed Ijyb
    25 | D        | Killed Ijyb
    25 | D        | Reached skill level 4 in Armour
    25 | D        | Reached XP level 2. HP: 26/28 MP: 2/2
    30 | D        | Noticed an ogre
    34 | D        | Huge Dmg: 6 Dmg
    39 | D        | Killed an ogre
    39 | D        | Reached skill level 5 in Armour
    39 | D        | Reached skill level 5 in Evocations
    39 | D        | Reached XP level 3. HP: 33/37 MP: 3/5
    39 | D        | Reached XP level 4. HP: 40/45 MP: 4/7
    49 | D        | Noticed Sigmund
    61 | D        | Huge Dmg: 12 Dmg
    62 | D        | Killed Sigmund
    62 | D        | Reached skill level 5 in Fighting
    62 | D        | Reached skill level 5 in Axes
    62 | D        | Reached skill level 6 in Armour
    62 | D        | Reached skill level 5 in Dodging
    62 | D        | Reached XP level 5. HP: 30/52 MP: 7/10
    76 | D        | Found a deep blue altar of Sif Muna.
    77 | D        | Noticed a jelly
    78 | D        | Found a radiant altar of Vehumet.
    90 | D        | Killed a jelly
    90 | D        | Reached skill level 7 in Evocations
   113 | D        | Found Leacvibi's Assorted Antiques.
   113 | D        | Found a white marble altar of Elyvilon.
   113 | D        | Found a stormy altar of Qazlal.
   113 | D        | Found a basalt altar of Yredelemnul.
   113 | D        | Found an iron altar of Okawaru.
   113 | D        | Found a sparkling altar of Nemelex Xobeh.
   113 | D        | Found a shimmering altar of Xom.
   113 | D        | Found an ancient bone altar of Kikubaaqudgha.
   113 | D        | Noticed a yak
   119 | D        | Huge Dmg: 13 Dmg
   121 | D        | Huge Dmg: 12 Dmg
   130 | D        | Killed a yak
   130 | D        | Reached skill level 8 in Evocations
   130 | D        | Reached XP level 6. HP: 46/62 MP: 11/13
   131 | D        | Found a burning altar of Makhleb.
   131 | D        | Found a sacrificial altar of Ru.
   131 | D        | Found a glowing golden altar of the Shining One.
   131 | D        | Found an opulent altar of Gozag.
   131 | D        | Found a glowing silver altar of Zin.
   132 | D        | Found a bloodstained altar of Trog.
   134 | D        | Became a worshipper of Makhleb the Destroyer
   155 | D        | Found a snail-covered altar of Cheibriados.
   155 | D        | Found a shadowy altar of Dithmenos.
   155 | D        | Noticed a slime creature
   156 | D        | Found a viscous altar of Jiyva.
   156 | D        | Found a blossoming altar of Fedhas.
   160 | D        | Huge Dmg: 15 Dmg
   174 | D        | Killed a slime creature
   174 | D        | Reached skill level 9 in Evocations
   174 | D        | Reached XP level 7. HP: 53/70 MP: 14/16
   189 | D        | Noticed a kobold demonologist
   190 | D        | Noticed a kobold demonologist
   194 | D        | Acquired Makhleb's first power
   197 | D        | Noticed a soul eater
   204 | D        | Noticed an orange demon
   204 | D        | Huge Dmg: 26 Dmg
   210 | D        | Huge Dmg: 15 Dmg
   214 | D        | Huge Dmg: 18 Dmg
   215 | D        | Noticed an orange demon
   221 | D        | Huge Dmg: 19 Dmg
   222 | D        | Huge Dmg: 25 Dmg
   225 | D        | Noticed a sixfirhy
   227 | D        | Noticed a hellwing
   228 | D        | Noticed a smoke demon
   228 | D        | Huge Dmg: 29 Dmg
   237 | D        | Killed a kobold demonologist
   237 | D        | Reached skill level 10 in Evocations
   238 | D        | Noticed a demonic crawler
   238 | D        | Noticed a demonic crawler
   238 | D        | Noticed a demonic crawler
   238 | D        | Noticed a demonic crawler
   247 | D        | Noticed a rust devil
   248 | D        | Huge Dmg: 11 Dmg
   250 | D        | Noticed a rust devil
   253 | D        | Huge Dmg: 22 Dmg
   254 | D        | Noticed a red devil
   254 | D        | Huge Dmg: 11 Dmg
   255 | D        | Huge Dmg: 29 Dmg
   255 | D        | HP: 3/72 [rust devil[a kobold demonologist] (4)]
   256 | D        | Huge Dmg: 1 Dmg
   256 | D        | HP: 1/72 [red devil/demon trident[a kobold demonologist] (13)]
   257 | D        | Huge Dmg: 2 Dmg
   257 | D        | Slain by a demonic crawler

Action                   |  1- 3 |  4- 6 |  7- 9 || total
-------------------------+-------+-------+-------++-------
Melee: War axe           |    31 |    50 |    40 ||   121
 Abil: Device Recharging |       |     1 |     5 ||     6
Evoke: Wand              |     1 |     8 |    20 ||    29
  Use: Potion            |       |       |     1 ||     1

Vault maps used:
D:        dungeon_sprint_1
